 Dungeon Crawl Stone Soup version 0.27-a0-506-g2188dfaaa0 (webtiles) character file.

Game seed: 6111767117604589524

79 Morbidden the Skirmisher (level 4, 12/35 HPs)
             Began as a Demonspawn Fighter on Mar 3, 2021.
             Quit the game on level 1 of the Dungeon.
             The game lasted 00:01:39 (1131 turns).

Morbidden the Skirmisher (Demonspawn Fighter)       Turns: 1131, Time: 00:01:40

Health: 12/35      AC:  8    Str: 17    XL:     4   Next: 17%
Magic:  4/4        EV:  7    Int: 10    God:
Gold:   22         SH:  9    Dex: 12    Spells: 3/3 levels left

rFire    + . .     SeeInvis .   a - +0 long sword
rCold    . . .     Faith    .   c - +0 kite shield
rNeg     . . .     Spirit   .   b - +0 scale mail
rPois    .         Reflect  .   (no helmet)
rElec    .         Harm     .   (no cloak)
rCorr    .         Rampage  .   (no gloves)
Will     .....                  (no boots)
Stlth    ..........             (no amulet)
HPRegen  0.11/turn              g - ring of protection from fire
MPRegen  0.09/turn              (no ring)

@: slowed, very slow
A: claws 1, slimy green scales 1, powered by death 1
a: no special abilities


You were on level 1 of the Dungeon.
You visited 1 branch of the dungeon, and saw 2 of its levels.

You collected 22 gold pieces.

Inventory:

Hand Weapons
 a - a +0 long sword (weapon)
Armour
 b - a +0 scale mail (worn)
 c - a +0 kite shield (worn)
Jewellery
 g - a ring of protection from fire (left claw)
Scrolls
 e - 3 scrolls of identify {unknown}
 f - a scroll of amnesia {unknown}
 h - a scroll of fog {unknown}
 i - a scroll of blinking {unknown}
Potions
 d - a potion of might


   Skills:
 + Level 3.3 Fighting
 + Level 2.7 Long Blades
 + Level 3.2 Armour
 + Level 0.5 Dodging
 + Level 3.1 Shields


You had 3 spell levels left.
You didn't know any spells.
Your spell library was empty.

Dungeon Overview and Level Annotations

Branches:
Dungeon (2/15)

Altars:


Innate Abilities, Weirdness & Mutations

You have sharp fingernails.
You are partially covered in slimy green scales. (AC +2)
You regenerate a little health from kills.


Message History

You block the jackal's attack.
You slash the jackal!
You kill the jackal!
You hit the shadow imp.
The shadow imp is heavily wounded.
The shadow imp hits you but does no damage. x2
The crimson imp blinks!
You closely miss the shadow imp.
The shadow imp is heavily wounded.
The crimson imp disappears in a puff of smoke!
The shadow imp hits you but does no damage.
You hit the shadow imp.
The shadow imp is severely wounded.
You block the shadow imp's attack.
The shadow imp hits you but does no damage.
You barely miss the shadow imp.
The shadow imp is severely wounded.
The shadow imp gestures at you.
You barely resist. You slash the shadow imp!
You kill the shadow imp!
Natasha stares at you and mumbles some strange words.
You feel yourself slow down. The white imp gestures at you.
The puff of frost hits you!
You barely miss Natasha.
Natasha is severely wounded.
The white imp disappears in a puff of smoke!
You block Natasha's attack. Natasha claws you but does no damage.
You hit Natasha.
You kill Natasha!
Natasha yowls pathetically as she dies!
You have reached level 4!
You feel stronger.
Your demonic ancestry asserts itself...
A wave of death washes over you.
There is a stone staircase leading down, spattered with blood here.
You see here a jackal corpse.
There is a stone staircase leading down, spattered with blood here.
You see here a jackal corpse.
Are you sure you want to abandon this character and quit the game? (Confirm with "yes".)

.......##..# #..##
##..######.#
.......##..#
#...###.#..))....#
#########..#
##..#.#....####.###
####..# #....#.#..## #.#
#.....# #...#####.# #.#
#.###.# #....###.## #.#
#.# #.# ###.#.#.## #.#
#.# #.#####†##.## #.#
#.#
#....##@##.########.#
#.#
####.##.............#
#.# #.#####.##########
#.# #.####...###
######.# #..........#
.....#.######.####...#.#
###...........#####.##(#
#..#.#####...#..).##.###
#####
#.>....................#
#...(


There were no monsters in sight!

Vanquished Creatures
  Natasha (D:1)
  3 dart slugs (D:1)
  2 leopard geckos (D:1)
  5 bats (D:1)
  2 giant cockroaches (D:1)
  6 goblins (D:1)
  5 hobgoblins (D:1)
  8 jackals (D:1)
  A ball python (D:1)
  4 kobolds (D:1)
  5 rats (D:1)
42 creatures vanquished.

Notes
Turn   | Place    | Note
-------+----------+-------------------------------------------
     0 | D:1      | Morbidden the Demonspawn Fighter began the quest for the
                  | Orb.
     0 | D:1      | Reached XP level 1. HP: 18/18 MP: 1/1
   115 | D:1      | Gained mutation: You are partially covered in slimy green
                  | scales. (AC +2) [demonic ancestry]
   115 | D:1      | Reached XP level 2. HP: 14/24 MP: 2/2
   616 | D:1      | Gained mutation: You have sharp fingernails. [demonic
                  | ancestry]
   616 | D:1      | Reached XP level 3. HP: 29/29 MP: 3/3
  1103 | D:2      | Noticed Natasha
  1127 | D:1      | Killed Natasha
  1128 | D:1      | Gained mutation: You regenerate a little health from kills.
                  | [demonic ancestry]
  1128 | D:1      | Reached XP level 4. HP: 12/35 MP: 4/4
  1131 | D:1      | Quit the game

Illustrated notes

Levels and vault maps discovered:
D:1:      lightli_arrival_quake, layout_loops_ring, minmay_tetromino_t4
D:2:      kennysheep_big_flooded_room, layout_rooms, uniq_natasha

Skill      XL: |  1  2 |
---------------+-------+-----
Long Blades    | 2 |  2.7
Shields        | 3 |  3.1
Armour         | 3 |  3.2
Fighting       | |  3.3
Dodging        | |  0.5

Action                   |  1- 3 |  4- 6 || total
-------------------------+-------+-------++-------
Melee: Long sword        |   118 |       ||   118
Armor: Scale mail        |   109 |       ||   109
Dodge: Dodged            |    68 |       ||    68
Block: Kite shield       |    81 |       ||    81
       Rpst.: Long sword |    25 |       ||    25

Table legend: (Time is in decaauts)
 A = Elapsed time spent in this place.
 B = Non-inter-level travel time spent in this place.
 C = Inter-level travel time spent in this place.
 D = Time resting spent in this place.
 E = Time spent auto-exploring this place.
 F = Levels seen in this place.
 G = Mean time per level.
                   A        B        C        D        E       F      G
               +--------+--------+--------+--------+--------+-----+--------+
         Total |   1196 |   1190 |      6 |      0 |    908 |   2 |  598.0 |
       Dungeon |   1196 |   1190 |      6 |      0 |    908 |   2 |  598.0 |
               +--------+--------+--------+--------+--------+-----+--------+

Top non-repeatable levels by time:
     D:1: 1190 daAuts
     D:2: 6 daAuts
